 Dungeon Crawl Stone Soup version 0.17.0-28-g6e173f8 (webtiles) character file.

213 Gorice the Sneak (level 5, 0/25 HPs)
             Began as a Felid Wanderer on Dec 1, 2015.
             Killed from afar by an orc wizard (9 damage)
             ... with a magic dart
             ... on level 5 of the Dungeon.
             The game lasted 00:30:21 (7152 turns).

Gorice the Sneak (Felid Wanderer)                   Turns: 7152, Time: 00:30:22

Health: 0/25       AC:  1    Str:  5    XL:     5   Next: 59%
Magic:  6/6        EV: 20    Int: 18    God:
Gold:   311        SH:  0    Dex: 15    Spells: 0 memorised, 4 levels left
                                        Lives:  0   Deaths: 1

rFire  . . .     SeeInvis +       - Unarmed
rCold  . . .     Clarity  .     (armour unavailable)
rNeg   . . .     SustAt   .     (shield unavailable)
rPois  .         Gourm    .     (helmet unavailable)
rElec  .         Spirit   .     (cloak unavailable)
rCorr  .         Warding  .     (gloves unavailable)
rMut   .         Stasis   .     (boots unavailable)
MR     .....                    (no amulet)
Stlth  ++++......               (no ring)
                                (no ring)

@: quick, not resistant to hostile enchantments, stealthy
A: no armour, no weapons or thrown items, claws 1, fangs 3, see invisible,
carnivore 3, speed 1, shaggy fur 1, slow metabolism 1, sharp paws
a: no special abilities


You were on level 5 of the Dungeon.
You were very full.

You visited 2 branches of the dungeon, and saw 6 of its levels.

You collected 311 gold pieces.

Inventory:

Jewellery
 f - an uncursed amulet of faith {!P}
 k - an uncursed ring of teleportation
Scrolls
 a - a scroll of blinking {unknown}
 b - a scroll of fear {!r}
 c - 2 scrolls of teleportation {!r}
 i - 3 scrolls of magic mapping {!r}
Potions
 g - 2 potions of brilliance {!q}
 h - 3 potions of might {unknown}
 l - 2 potions of curing
 m - a potion of cure mutation {unknown}
 n - 2 potions of haste {!q}
Comestibles
 e - 5 meat rations {!e}
 j - a beef jerky


   Skills:
 + Level 4.0 Fighting
 + Level 5.1 Dodging
 - Level 5.3 Stealth
 * Level 4.1 Unarmed Combat


You had 4 spell levels left.
You didn't know any spells.

Dungeon Overview and Level Annotations

Branches:
Dungeon (5/15)             Temple (1/1) D:4

Altars:
Dithmenos
Elyvilon
Fedhas
Gozag
Makhleb
Nemelex Xobeh
Okawaru
Ru
Trog
Vehumet
Xom
Yredelemnul
Zin
The Shining One

Shops:
D:4 *

Annotations:
D:3 pUX: grinder etc!, exclusion: worm, Grinder
D:4 pUX: ghost w draining etc!, exclusions: adder, orc, orc priest and worker ant, HEYYEYAAE's ghost, amateur SpTm
D:5 exclusion: worm


Innate Abilities, Weirdness & Mutations

You cannot wear armour.
You are incapable of wielding weapons or throwing items.
You have sharp claws.
You have razor-sharp teeth.
You have supernaturally acute eyesight.
You are carnivorous and can eat meat at any time.
You cover ground quickly.
You are covered in fur (AC +1).
You have a slow metabolism.
Your sharp claws are effective at attacking unaware monsters.


Message History

You kill the giant gecko!
No target in view!
No target in view!
h - 3 fizzy coppery potions (gained 1) Read which item? (? for menu, Esc to quit)
Okay, then.
You open the door.
There is an open door here.
HP restored.
There is an open door here.
A giant cockroach comes into view.
The giant cockroach misses you.
You scratch the giant cockroach but do no damage.
The giant cockroach closely misses you.
You scratch the giant cockroach but do no damage.
The giant cockroach barely misses you. x2
You closely miss the giant cockroach. The giant cockroach misses you.
You claw the giant cockroach!
You kill the giant cockroach!
No target in view!
Unknown command.
You see here a twisted trident.
Found a stone staircase leading down.
There is an open door here.
Found a ring mail.
An orc wizard comes into view. It is wielding a dagger.
The orc wizard shouts!
You hear a shout!
You hear a shout!
You hear a shout!
You scratch the orc wizard but do no damage.
The orc wizard misses you.
An orc wizard comes into view. It is wielding a dagger.
You closely miss the orc wizard. The orc wizard completely misses you.
An orc comes into view.
You scratch the orc wizard but do no damage.
You scratch the orc wizard. You bite the orc wizard.
The orc wizard is moderately wounded.
The orc wizard misses you.
You closely miss the orc wizard.
The orc wizard is moderately wounded.
The orc wizard points at you and mumbles some strange words.
The magic dart hits you! The orc wizard closely misses you.
Damage: 11 (max 11) Unknown command.
The orc wizard looks braver for a moment.
The orc drinks a potion.
The orc seems to speed up.
The orc wizard gestures at you while chanting.
The magic dart hits you!
Damage: 6 (max 11)
The orc wizard points at you and mumbles some strange words.
The magic dart hits you!
You die...

....# #.# #<# .#..#####.##.####
....###.# #.#. ... ##.# .#
......#.# #.#.##.# ##..#..##
.>....#.# #.#....####o.......#
#######.#####.##.......o.......#
...........##.#................#
##########.##.#.[...o.......####
.........#.##.#............##
#####.####.##.#.@..........#
..........................##
#####.####.####.###########
#####.# #.####.# ....#.#
#......# ......# ########
###.### ....########
##..........


You could see 2 orc wizards and an orc.

Vanquished Creatures
  A scorpion (D:4)
  An orc wizard (D:4)
  2 worker ants
  4 adders
  2 oozes
  A worm (D:4)
  2 adder skeletons (D:5)
  6 giant geckos
  10 orcs
  7 bats
  A giant cockroach (D:5)
  13 goblins
  7 hobgoblins
  A quokka (D:2)
  4 giant newts
  5 jackals
  8 kobolds
  13 rats
88 creatures vanquished.

Notes
Turn   | Place    | Note
--------------------------------------------------------------
     0 | D:1      | Gorice the Felid Wanderer began the quest for the Orb.
     0 | D:1      | Gorice set off with: a potion of heal wounds {!q}, a scroll of fear {!r}, a scroll of teleportation {!r}, a potion of lignification {!q}, a meat ration {!e}
     0 | D:1      | Reached XP level 1. HP: 10/10 MP: 2/2
   141 | D:1      | Reached skill level 3 in Dodging
   473 | D:1      | Reached XP level 2. HP: 14/14 MP: 3/3
   912 | D:1      | HP: 4/14 [kobold/dagger (4)]
  1305 | D:2      | Reached XP level 3. HP: 17/17 MP: 4/4
  1832 | D:2      | Reached skill level 4 in Dodging
  1832 | D:2      | Reached skill level 2 in Unarmed Combat
  2309 | D:2      | Reached XP level 4. HP: 8/21 MP: 5/5
  3402 | D:3      | Found a glowing golden altar of the Shining One.
  3405 | D:3      | Found a shimmering altar of Xom.
  3408 | D:3      | Found a white marble altar of Elyvilon.
  3432 | D:3      | Found an opulent altar of Gozag.
  3566 | D:3      | Noticed Grinder
  3575 | D:3      | Paralysed by Grinder for 6 turns
  3576 | D:3      | HP: 6/21 [Grinder (8)]
  3577 | D:3      | Slain by Grinder
  3578 | D:3      | Reached XP level 3. HP: -3/17 MP: 4/4
  3908 | D:4      | Noticed HEYYEYAAE's ghost (amateur SpTm)
  3953 | D:4      | Noticed a phantom
  4030 | D:4      | Found Lehyoqaun's Elemental Accessories.
  4142 | D:4      | Reached skill level 3 in Unarmed Combat
  4142 | D:4      | Reached XP level 4. HP: 20/22 MP: 5/5
  4211 | D:4      | Noticed a scorpion
  4541 | D:4      | Killed a scorpion
  4541 | D:4      | Reached skill level 4 in Fighting
  4541 | D:4      | Reached XP level 5. HP: 20/25 MP: 6/6
  5240 | D:5      | Entered Level 5 of the Dungeon
  5277 | D:5      | Found an iron altar of Okawaru.
  5316 | D:5      | Found a sacrificial altar of Ru.
  5364 | D:5      | Reached skill level 4 in Unarmed Combat
  5433 | D:5      | Reached skill level 5 in Dodging
  5444 | D:5      | Noticed an ice beast
  5445 | D:5      | HP: 7/25 [poisoned by a worker ant]
  5450 | D:5      | HP: 6/25 [poisoned by a worker ant]
  5456 | D:5      | HP: 4/25 [poisoned by a worker ant]
  5464 | D:5      | HP: 3/25 [poisoned by a worker ant]
  6494 | D:4      | Found a staircase to the Ecumenical Temple.
  6500 | Temple   | Entered the Ecumenical Temple
  6776 | D:4      | Noticed a phantom
  7152 | D:5      | Killed from afar by an orc wizard

Action                   |  1- 3 |  4- 6 || total
-------------------------+-------+-------++-------
Melee: Unarmed           |   145 |   172 ||   317
  Use: Scroll            |     4 |     5 ||     9
       Potion            |     1 |     3 ||     4
 Stab: Sleeping          |     6 |     6 ||    12
       Distracted        |     1 |     1 ||     2
  Eat: Chunk             |    11 |    12 ||    23

Table legend:
 A = Turns spent in this place as a percentage of turns spent in the entire game.
 B = Non-inter-level travel turns spent in this place as a percentage of non-inter-level travel turns spent in the entire game.
 C = Inter-level travel turns spent in this place as a percentage of turns spent in this place.
 D = Turns resting spent in this place as a percentage of non-inter-level travel turns spent in this place.
 E = Turns spent auto-exploring this place as a percentage of non-inter-level travel turns spent in this place.
 F = Non-inter-level travel turns spent in this place divided by the number of levels of this place that you've seen.
                   A       B       C       D       E      F
               +-------+-------+-------+-------+-------+----------------------
         Total | 100.0 | 100.0 |   0.7 |   3.0 |   3.8 | 441.8
       Dungeon |  99.8 |  99.8 |   0.6 |   3.0 |   3.7 | 529.4
        Temple |   0.2 |   0.2 |  33.3 |   0.0 |  75.0 |   4.0
               +-------+-------+-------+-------+-------+----------------------

Vault maps used:
D:1:      kilobyte_arrival_exit_the_forest
D:2:      hangedman_decor_points
D:3:      grunt_temple_overflow_diamond, dk_noncrumbling_3,
          nicolae_gozag_seed_capital, uniq_crazy_yiuf_cottage, uniq_grinder
D:4:      minmay_temple_entry_fiery, first_bread, nicolae_elemental_shop
D:5:      nicolae_ru_awakened_eye, okawaru_metal_pillars_1_2
Temple:   minmay_temple_bridge_b_8
